 Dungeon Crawl Stone Soup version 0.25.1-2-g60ff931df9 (webtiles) character file.

Game seed: 113573552994633753

157 gbos the Chopper (level 5, -1/49 HPs)
             Began as a Naga Fighter on Nov 18, 2020.
             Killed by nerve-wracking pain
             ... invoked by a shadow imp
             ... summoned by Natasha
              (11 damage)
             ... on level 2 of the Dungeon.
             The game lasted 00:00:17 (2183 turns).

gbos the Chopper (Naga Fighter)                     Turns: 2183, Time: 00:00:18

Health: -1/49      AC:  5    Str: 19    XL:     5   Next: 38%
Magic:  5/5        EV:  5    Int:  8    God:
Gold:   75         SH:  8    Dex: 11    Spells: 4/4 levels left

rFire    . . .     SeeInvis +   Y - +0 war axe
rCold    . . .     Gourm    .   c - +0 kite shield
rNeg     . . .     Faith    .   b - +0 scale mail
rPois    +         Spirit   .   (no helmet)
rElec    .         Reflect  .   (no cloak)
rCorr    .         Harm     .   (no gloves)
MR       .....                  (no barding)
Stlth    ..........             (no amulet)
HPRegen  0.16/turn              (no ring)
MPRegen  0.09/turn              (no ring)

@: slowed, very slow
A: large, see invisible, deformed body, poison resistance, slowness 2, slow
metabolism 1, spit poison 1, AC +1
a: Spit Poison


You were on level 2 of the Dungeon.
You were hungry.

You visited 1 branch of the dungeon, and saw 2 of its levels.

You collected 75 gold pieces.


Innate Abilities, Weirdness & Mutations

You cannot wear boots.
Your serpentine skin is tough. (AC +1)
You have supernaturally acute eyesight. (SInv)
Armour fits poorly on your strangely shaped body.
Your system is resistant to poisons. (rPois)
You cover ground very slowly.
You have a slow metabolism.
You can spit poison.


   Skills:
 - Level 3.0 Fighting
 + Level 5.4 Axes
 - Level 2.4 Armour
 - Level 2.4 Shields


You had 4 spell levels left.
You didn't know any spells.
Your spell library was empty.

Inventory:

Hand Weapons
 n - a +0 flail
 Y - a +0 war axe (weapon)
Armour
 b - a +0 scale mail (worn)
 c - a +0 kite shield (worn)
 e - a +0 pair of gloves
Jewellery
 h - an uncursed amulet of guardian spirit {unknown}
 m - an uncursed ring of ice {unknown}
Wands
 p - a wand of digging (5)
Scrolls
 a - 2 scrolls of enchant armour
 j - a scroll of teleportation
 k - a scroll of remove curse {unknown}
 l - a scroll of random uselessness {unknown}
Potions
 d - a potion of might
 g - a potion of mutation {unknown}
 i - 3 potions of haste
Comestibles
 f - 4 rations

Dungeon Overview and Level Annotations

Branches:
Dungeon (2/15)

Altars:
Kikubaaqudgha

Annotations:
D:2 Natasha


Message History

The shadow imp barely misses you.
Natasha extends her claws.
Natasha splashes around in the water.
Your shield and scale mail prevent you from hitting Natasha.
Natasha is heavily wounded.
You closely miss the shadow imp. You hit the crimson imp.
You block the shadow imp's attack. You block Natasha's attack.
The crimson imp hits you but does no damage.
The shadow imp hits you. You block Natasha's attack.
The crimson imp hits you but does no damage.
The shadow imp picks up a beetle and eats it.
The shadow imp hits you.
You hit Natasha but do no damage.
Natasha is heavily wounded.
You closely miss the shadow imp. You hit the crimson imp.
Natasha casts a spell at you. The magic dart hits you!
The crimson imp blinks!
The shadow imp gestures at you. Pain shoots through your body!
You die...

#....#.##..##### #..........^...#
#.....########.### #####
##.....##....#...#
#...####...}....._.#.#.#
##........#..~....~.#.#.# #
#.......###..~~~~~..#.#.# #
#.#.###.###5h~~~...##.#.# #
##.#.# #.##..@~~~...##.#.# #
#....# #.##.5.%~~....#)#.### #
#..### #.##.....~..}...#...### #
#..#.###.##............#......
####.....##.#.........####....###
............'.........'.......###
####.#...####.........####.....##
#..#.## ##.......## ##.##.##
##.### ##.....## #.##.##


You could see Natasha, a crimson imp (summoned) and a shadow imp (summoned).

Vanquished Creatures
  Terence (D:2)
  Natasha (twice) (D:2)
  3 adders (D:2)
  An ooze (D:1)
  A worm (D:2)
  A dart slug (D:1)
  3 leopard geckos
  4 giant cockroaches
  3 goblins
  6 hobgoblins
  2 jackals (D:2)
  2 kobolds
  2 quokkas (D:2)
  A ball python (D:2)
  6 bats
  3 frilled lizards
  2 rats
43 creatures vanquished.

Notes
Turn   | Place    | Note
-------+----------+-------------------------------------------
     0 | D:1      | gbos the Naga Fighter began the quest for the Orb.
     0 | D:1      | Reached XP level 1. HP: 21/21 MP: 1/1
     0 | D:1      | 0 ||| counter = 202
    19 | D:1      | 19 ||| INVOKING Spit Poison.
    20 | D:1      | 20 ||| INVOKING Spit Poison.
    60 | D:1      | 60 ||| INVOKING Spit Poison.
    61 | D:1      | 61 ||| INVOKING Spit Poison.
    67 | D:1      | 67 ||| INVOKING Spit Poison.
    98 | D:1      | 98 ||| Stepping ~*~*~tactically~*~*~ (hiding).
    99 | D:1      | 99 ||| Stepping ~*~*~tactically~*~*~ (hiding).
   100 | D:1      | 100 ||| Stepping ~*~*~tactically~*~*~ (hiding).
   101 | D:1      | 101 ||| Stepping ~*~*~tactically~*~*~ (hiding).
   102 | D:1      | 102 ||| Waiting for ranged monster.
   109 | D:1      | 109 ||| Waiting for ranged monster.
   163 | D:1      | Reached XP level 2. HP: 18/28 MP: 2/2
   286 | D:1      | 286 ||| INVOKING Spit Poison.
   295 | D:1      | Reached skill level 3 in Axes
   451 | D:1      | 451 ||| INVOKING Spit Poison.
   455 | D:1      | 455 ||| INVOKING Spit Poison.
   596 | D:1      | 596 ||| INVOKING Spit Poison.
   645 | D:1      | 645 ||| INVOKING Spit Poison.
   676 | D:1      | 676 ||| INVOKING Spit Poison.
   698 | D:1      | 698 ||| INVOKING Spit Poison.
   701 | D:1      | 701 ||| INVOKING Spit Poison.
   705 | D:1      | Reached XP level 3. HP: 32/34 MP: 3/3
   783 | D:1      | 783 ||| INVOKING Spit Poison.
   860 | D:1      | 860 ||| INVOKING Spit Poison.
   861 | D:1      | 861 ||| INVOKING Spit Poison.
   888 | D:1      | 888 ||| INVOKING Spit Poison.
   889 | D:1      | 889 ||| INVOKING Spit Poison.
  1018 | D:1      | 1018 ||| READING 3 scrolls labeled ADUTYT NINOITO.
  1019 | D:1      | 1019 ||| READING 2 scrolls labeled YGHUXE RIXAQ YZXE.
  1022 | D:1      | 1022 ||| DRINKING 4 blue potions.
  1062 | D:2      | 1062 ||| INVOKING Spit Poison.
  1086 | D:2      | 1086 ||| INVOKING Spit Poison.
  1125 | D:2      | 1125 ||| INVOKING Spit Poison.
  1219 | D:2      | 1219 ||| INVOKING Spit Poison.
  1241 | D:2      | Found an ancient bone altar of Kikubaaqudgha.
  1242 | D:2      | 1242 ||| INVOKING Spit Poison.
  1251 | D:2      | 1251 ||| DROPPING +0 club.
  1317 | D:2      | 1317 ||| INVOKING Spit Poison.
  1318 | D:2      | Reached skill level 4 in Axes
  1352 | D:2      | Noticed Terence
  1352 | D:2      | Noticed Natasha
  1358 | D:2      | Killed Natasha
  1358 | D:2      | Reached XP level 4. HP: 21/42 MP: 4/4
  1366 | D:2      | Killed Terence
  1600 | D:2      | 1600 ||| INVOKING Spit Poison.
  1604 | D:2      | 1604 ||| INVOKING Spit Poison.
  1630 | D:2      | 1630 ||| INVOKING Spit Poison.
  1639 | D:2      | 1639 ||| Stepping ~*~*~tactically~*~*~ (stealth).
  1641 | D:2      | 1641 ||| INVOKING Spit Poison.
  1641 | D:2      | Reached skill level 5 in Axes
  1738 | D:2      | 1738 ||| INVOKING Spit Poison.
  1747 | D:2      | Reached XP level 5. HP: 47/49 MP: 5/5
  1781 | D:2      | 1781 ||| INVOKING Spit Poison.
  1782 | D:2      | 1782 ||| INVOKING Spit Poison.
  1783 | D:2      | 1783 ||| INVOKING Spit Poison.
  1789 | D:2      | 1789 ||| INVOKING Spit Poison.
  1884 | D:2      | 1884 ||| INVOKING Spit Poison.
  1962 | D:2      | 1962 ||| INVOKING Spit Poison.
  2159 | D:2      | Noticed Natasha
  2169 | D:2      | Killed Natasha
  2175 | D:2      | Noticed Natasha
  2183 | D:2      | HP: 10/49 [Natasha/magic dart (7)]
  2183 | D:2      | Killed from afar by a shadow imp

Levels and vault maps discovered:
D:1:      dpeg_arrival_round_a, layout_loops_ring
D:2:      layout_loops_corners, kiku_gazebo_pond_becter, uniq_terence,
          uniq_natasha

Skill      XL: |  1  2  3  4 |
---------------+-------------+-----
Axes           | 3 4 5 |  5.4
Fighting       | |  3.0
Armour         | |  2.4
Shields        | |  2.4

Action                   |  1- 3 |  4- 6 || total
-------------------------+-------+-------++-------
Melee: War axe           |    59 |    63 ||   122
 Abil: Spit Poison       |    20 |     9 ||    29
  Use: Scroll            |     2 |       ||     2
       Potion            |     1 |       ||     1
  Eat: Chunk             |     2 |     2 ||     4
Armor: Scale mail        |    20 |    22 ||    42
Dodge: Dodged            |     8 |    15 ||    23
Block: Kite shield       |    30 |    26 ||    56

Table legend:
 A = Non-vault XP
 B = Vault XP
 C = Vault XP percentage of total XP
 D = Non-vault monster count
 E = Vault monster count
 F = Vault count percentage of total count
                 A         B        C        D         E       F
            +---------+---------+-------+---------+---------+-------
      Total |     151 |      74 |  32.9 |      41 |       2 |   4.7
            +---------+---------+-------+---------+---------+-------
        D:1 |      45 |       0 |   0.0 |      21 |       0 |   0.0
        D:2 |     106 |      74 |  41.1 |      20 |       2 |   9.1
            +---------+---------+-------+---------+---------+-------
